AoeStats
← Purpose

Oasis

508937997Analyzed
4v4 RM · 8d ago on Sep 24, 2026· 26m 53s· 8 players
Game mode
Random Map
Map size
Large (8 player)
Population
200
Speed
Normal
Resources
Standard
Victory
Conquest
Starting age
Dark Age
Ending age
Imperial Age
RankedLock teamsTeams togetherTeam positionsShared explorationLock speedFull tech treeHidden civsTurbo modeCheats
Victory
Defeat
🇨🇭 Bohemians · Switzerland
1326
+13
🇩🇪 Britons · Germany
1301
+14
🇩🇪 Franks · Germany
1256
+15
🇨🇭 Malians · Switzerland
1253
+15
🇦🇷 Burmese · Argentina
1263
-15
🇧🇷 Saracens · Brazil
1259
-15
🇦🇷 Spanish · Argentina
1243
-14
🇹🇷 Bulgarians · Türkiye
1220
-13
NotGG
6:18 Loom
8:41 Feudal Age
12:12 Bloodlines
14:25 Forging
20:05 Town Watch
22:44 Castle Age
20:51 Horse Collar
21:54 Scale Barding Armor
23:56 Husbandry
The Goat
10:18 Feudal Age
10:56 Loom
16:14 Castle Age
15:44 Double-Bit Axe
17:57 Fletching
21:49 Bow Saw
23:49 Bodkin Arrow
23:54 Padded Archer Armor
Matthew 0911
6:56 Loom
9:22 Feudal Age
9:49 Double-Bit Axe
13:55 Fletching
14:27 Padded Archer Armor
21:57 Horse Collar
26:33 Castle Age
Purpose
5:17 Loom
10:25 Feudal Age
15:23 Castle Age
25:11 Scale Barding Armor
dr.schniselx
1:38 Loom
7:43 Loom
10:04 Feudal Age
10:38 Double-Bit Axe
12:32 Fletching
15:00 Horse Collar
23:10 Castle Age
21:37 Padded Archer Armor
23:11 Crossbowman
23:59 Bodkin Arrow
25:19 Ballistics
27:19 Chemistry
optional_cookie
6:40 Loom
8:58 Feudal Age
8:23 Loom
9:29 Double-Bit Axe
9:50 Horse Collar
16:52 Scale Barding Armor
19:27 Forging
19:43 Gold Mining
23:30 Castle Age
22:31 Bloodlines
24:23 Bow Saw
24:37 Chain Barding Armor
24:53 Iron Casting
24:21 Husbandry
23:45 Light Cavalry
26:40 Heavy Plow
WasserLasser
10:24 Feudal Age
11:07 Double-Bit Axe
12:40 Wheelbarrow
13:57 Forging
14:34 Scale Barding Armor
19:23 Castle Age
18:47 Loom
18:49 Town Watch
20:28 Chain Barding Armor
20:13 Husbandry
20:18 Light Cavalry
21:11 Gold Mining
22:32 Bow Saw
Banana Joe
7:12 Loom
9:16 Feudal Age
10:32 Double-Bit Axe
13:23 Horse Collar
13:36 Fletching
13:50 Town Watch
19:26 Padded Archer Armor
21:40 Castle Age
19:50 Gold Mining
21:07 Wheelbarrow
21:06 Stone Mining
22:23 Bodkin Arrow
22:24 Crossbowman
27:07 Bow Saw
Connection lost

Rejoining the realm…

Still unreachable

The connection could not be restored.

Session expired

The server has moved on; the page needs a fresh start.